 Dungeon Crawl Stone Soup version 0.25-a0-886-gd7461d2276 (webtiles) character file.

Game seed: 8531295050213032354, levelgen mode: deterministic

303 Maedhros the Insei (level 6, 0/38 HPs)
             Began as an Octopode Artificer on May 2, 2020.
             Slain by a bat (1 damage)
             ... on level 5 of the Dungeon.
             The game lasted 00:03:04 (1101 turns).

Maedhros the Insei (Octopode Artificer)             Turns: 1101, Time: 00:03:04

Health: 0/38       AC:  1    Str: 11    XL:     6   Next: 38%
Magic:  8/8        EV: 13    Int: 13    God:
Gold:   43         SH:  0    Dex: 15    Spells: 5/5 levels left

rFire    . . .     SeeInvis .     - Unarmed
rCold    . . .     Gourm    .   (no shield)
rNeg     . . .     Faith    .   (helmet restricted)
rPois    .         Spirit   .   (no amulet)
rElec    +         Reflect  .   (no ring)
rCorr    .         Harm     .   (no ring)
MR       .....                  (no ring)
Stlth    ++++......             (no ring)
HPRegen  0.12/turn              (no ring)
MPRegen  0.11/turn              (no ring)
                                (no ring)
                                (no ring)

@: lethally poisoned (0 -> -5), hasted, very quick
A: almost no armour, stealthy swim, amphibious, 8 rings, constrict 8, camouflage
1, mutation resistance 1, electricity resistance, gelatinous body 1
a: no special abilities


You were on level 5 of the Dungeon.
You were hungry.

You visited 1 branch of the dungeon, and saw 5 of its levels.

You collected 43 gold pieces.

Inventory:

Hand Weapons
 q - a +0 rapier
Missiles
 m - 21 poisoned darts (quivered)
Wands
 b - a wand of flame (9)
 c - a wand of enslavement (12)
 d - a wand of random effects (14)
Scrolls
 a - a scroll of identify {unknown}
 e - a scroll of teleportation {unknown}
 g - 3 scrolls of enchant weapon {unknown}
 k - a scroll of blinking {unknown}
 o - a scroll of magic mapping {unknown}
 p - a scroll of remove curse {unknown}
Potions
 i - a potion of haste
Comestibles
 f - 6 rations


   Skills:
 - Level 1.0 Fighting
 - Level 1.0 Short Blades
 - Level 2.0 Dodging
 - Level 4.0 Stealth
 + Level 5.4 Unarmed Combat
 - Level 3.2 Evocations


You had 5 spell levels left.
You didn't know any spells.
Your spell library was empty.

Dungeon Overview and Level Annotations

Branches:
Dungeon (5/15)
 Temple: D:4-7

Altars:
Ru

Annotations:
D:3 1 runed translucent door, waddelsworth's ghost, amateur OpWz


Innate Abilities, Weirdness & Mutations

You cannot wear most types of armour.
You are very stealthy in the water. (Stealth+)
You are amphibious.
You can wear up to eight rings at the same time.
You can use your tentacles to constrict eight enemies at once.
Your skin changes colour to match your surroundings (Stealth+).
Your rubbery body absorbs attacks. (AC +1, EV +1)
You are somewhat resistant to further mutation.
You are resistant to electric shocks. (rElec)


Message History

You squeeze the scorpion, but do no damage.
The scorpion is heavily wounded.
You constrict the scorpion, but do no damage.
* * * LOW HITPOINT WARNING * * *
You feel sick. The bat hits you.
* * * LOW HITPOINT WARNING * * *
The scorpion stings you.
* * * LOW HITPOINT WARNING * * *
You tentacle-slap the scorpion.
The scorpion is severely wounded.
You constrict the scorpion. The bat closely misses you.
The scorpion is caught in a web!
The scorpion barely misses you.
Unknown command.
You tentacle-slap the scorpion.
You tentacle-slap the scorpion, but do no damage.
The scorpion is almost dead.
You constrict the scorpion.
You kill the scorpion!
The bat hits you.
You die...

####...####........
###.........'........
##P####..(####...<....
#.P###....# ##.......
##PP.##.#### ###.....#
##.P^.#### #......##
#^^^^P.#.# ###.###..#
#P^^..b.# #........#
#^..P.P@# #.#.###..#
####..P†# #.....#..#
#.)..Ps## ###.#.#....##
#..^#P..###.....#......
#).P#^PP^##..........##
###)##.#..##....###.##
#..)#..##.##........#
#####.####.#....###.#
.# #.##.###


You could see a scorpion (webbed) and a bat.

Vanquished Creatures
  4 scorpions (D:5)
  A hound (D:5)
  A howler monkey skeleton (D:4)
  3 gnolls (D:4)
  An adder (D:5)
  A shadow imp (D:5)
  A worm (D:4)
  4 giant cockroaches
  A goblin (D:3)
  A hobgoblin (D:1)
  3 kobolds
  4 bats
  A frilled lizard (D:3)
  A rat (D:1)
27 creatures vanquished.

Vanquished Creatures (collateral kills)
  A leopard gecko (D:1)
1 creature vanquished.

Vanquished Creatures (others)
  A hound (D:5)
  An orc priest (D:4)
  2 fungi (D:5)
4 creatures vanquished.

Grand Total: 32 creatures vanquished

Notes
Turn   | Place    | Note
-------+----------+-------------------------------------------
     0 | D:1      | Maedhros the Octopode Artificer began the quest for the
                  | Orb.
     0 | D:1      | Reached XP level 1. HP: 13/13 MP: 3/3
    63 | D:1      | Reached XP level 2. HP: 7/18 MP: 4/4
   341 | D:3      | Found a runed translucent door.
   341 | D:3      | Noticed waddelsworth's ghost (amateur OpWz)
   354 | D:3      | Found a sacrificial altar of Ru.
   556 | D:4      | Reached XP level 3. HP: 18/23 MP: 5/5
   584 | D:4      | Reached skill level 1 in Unarmed Combat
   602 | D:4      | Gained mutation: You are resistant to electric shocks.
                  | (rElec) [potion of mutation]
   602 | D:4      | Gained mutation: You are somewhat resistant to further
                  | mutation. [potion of mutation]
   615 | D:4      | Reached skill level 2 in Unarmed Combat
   615 | D:4      | Reached XP level 4. HP: 25/28 MP: 6/6
   698 | D:5      | Entered Level 5 of the Dungeon
   752 | D:5      | Reached skill level 3 in Unarmed Combat
   791 | D:5      | Reached XP level 5. HP: 29/33 MP: 7/7
   794 | D:5      | Reached skill level 4 in Unarmed Combat
   804 | D:5      | Reached skill level 5 in Unarmed Combat
   804 | D:5      | Reached XP level 6. HP: 16/38 MP: 8/8
  1099 | D:5      | HP: 1/38 [scorpion (2)]
  1101 | D:5      | Slain by a bat

Levels and vault maps discovered:
D:1:      dpeg_arrival_tiny_a, layout_rooms
D:2:      wander_river, layout_basic, serial_forest,
          infiniplex_forest_clump_curved, infiniplex_forest_clump_diagonal,
          infiniplex_forest_straight_3, infiniplex_forest_end_double,
          infiniplex_forest_straight_4, infiniplex_forest_clump_curved,
          infiniplex_forest_straight_2
D:3:      layout_rooms, fedhas_ov_isle_minmay, nicolae_ru_path_of_blood,
          gammafunk_ghost_grave, first_ration,
          nicolae_gozag_cash_rules_everything_around_me
D:4:      layout_loops_ring, serial_shops, nicolae_shop_statue_plus,
          minmay_rat_hole
D:5:      old_forge, layout_loops_corners, xom_confusion_cloud, minitemple,
          tgw_kikubaaqudgha

Skill      XL: |  1  2  3  4  5 |
---------------+----------------+-----
Stealth        | 3 4 |  4.0
Unarmed Combat | 2 3 5 |  5.4
Fighting       | |  1.0
Short Blades   | |  1.0
Dodging        | |  2.0
Evocations     | |  3.2

Action                   |  1- 3 |  4- 6 || total
-------------------------+-------+-------++-------
Melee: Short sword       |    24 |       ||    24
       Tentacles         |     4 |     7 ||    11
       Constrict         |     6 |     8 ||    14
       Unarmed           |     6 |    43 ||    49
       Rapier            |     3 |       ||     3
       Punch             |       |     3 ||     3
Evoke: Wand              |    10 |       ||    10
  Use: Potion            |     5 |     2 ||     7
 Stab: Sleeping          |     2 |     2 ||     4
       Distracted        |     1 |       ||     1
Armor: Skin              |    10 |     8 ||    18
Dodge: Dodged            |    27 |    29 ||    56

Table legend:
 A = Non-vault XP
 B = Vault XP
 C = Vault XP percentage of total XP
 D = Non-vault monster count
 E = Vault monster count
 F = Vault count percentage of total count
                 A         B        C        D         E       F
            +---------+---------+-------+---------+---------+-------
      Total |     138 |     295 |  68.1 |      20 |       8 |  28.6
            +---------+---------+-------+---------+---------+-------
        D:1 |      11 |       0 |   0.0 |       7 |       0 |   0.0
        D:3 |       6 |       0 |   0.0 |       4 |       0 |   0.0
        D:4 |      67 |       0 |   0.0 |       7 |       0 |   0.0
        D:5 |      54 |     295 |  84.5 |       2 |       8 |  80.0
            +---------+---------+-------+---------+---------+-------
